AoeStats
← AiM | CanvaL

Golden Pit

509911769Analyzed
1v1 RM · 4d ago on Sep 28, 2026· 40m 0s· 2 players
Game mode
Random Map
Map size
Tiny (2 player)
Population
200
Speed
Normal
Resources
Standard
Victory
Conquest
Starting age
Dark Age
Ending age
Imperial Age
RankedLock teamsTeams togetherTeam positionsShared explorationLock speedFull tech treeHidden civsTurbo modeCheats
Victory
Defeat
🇻🇳 Malians · Vietnam
1465
+16
🇨🇱 Persians · Chile
1471
-16
ChepinChipjoe
7:10 Loom
9:47 Feudal Age
9:54 Man-at-Arms
10:20 Double-Bit Axe
10:16 Horse Collar
17:40 Wheelbarrow
17:38 Scale Mail Armor
22:49 Forging
25:05 Castle Age
22:52 Arson
26:01 Chain Mail Armor
25:07 Long Swordsman
25:48 Squires
25:44 Elite Skirmisher
26:15 Fletching
26:33 Squires
29:04 Bodkin Arrow
30:30 Padded Archer Armor
31:55 Leather Archer Armor
AiM | CanvaL
6:08 Loom
8:50 Feudal Age
9:42 Double-Bit Axe
17:30 Fletching
20:08 Town Watch
23:28 Castle Age
21:31 Padded Archer Armor
22:17 Horse Collar
22:29 Gold Mining
24:15 Bloodlines
24:47 Thumb Ring
25:08 Bodkin Arrow
26:43 Husbandry
34:55 Crossbowman
Connection lost

Rejoining the realm…

Still unreachable

The connection could not be restored.

Session expired

The server has moved on; the page needs a fresh start.